 Dungeon Crawl Stone Soup version 0.25-a0-603-g0321be95db (webtiles) character file.

Game seed: 2749598078168612612, levelgen mode: deterministic

8 An17 the Conjurer (level 2, 13/21 HPs)
             Began as a Demonspawn Wanderer on Mar 16, 2020.
             Got out of the dungeon alive.
             The game lasted 00:01:37 (198 turns).

An17 the Conjurer (Demonspawn Wanderer)              Turns: 198, Time: 00:01:38

Health: 13/21      AC:  4    Str: 12    XL:     2   Next: 0%
Magic:  3/3        EV: 11    Int: 12    God:
Gold:   0          SH:  0    Dex: 13    Spells: 1/3 levels left

rFire    . . .     SeeInvis .   a - +2 dagger
rCold    + . .     Gourm    .   (no shield)
rNeg     . . .     Faith    .   e - +0 robe
rPois    .         Spirit   .   (no helmet)
rElec    .         Reflect  .   (no cloak)
rCorr    .         Harm     .   c - +1 pair of gloves
MR       .....                  (no boots)
Stlth    ++........             (no amulet)
HPRegen  0.07/turn              d - ring of protection from cold
MPRegen  0.08/turn              (no ring)

@: no status effects
A: powered by pain 1
a: no special abilities


You escaped.
You were not hungry.

You visited 1 branch of the dungeon, and saw 1 of its levels.

Inventory:

Hand Weapons
 a - a +2 dagger (weapon)
Armour
 c - a +1 pair of gloves (worn)
 e - a +0 robe (worn)
Jewellery
 d - a ring of protection from cold (left hand)
Scrolls
 b - a scroll of blinking
Comestibles
 f - a ration


   Skills:
 + Level 1.0 Fighting
   Level 1.0 Staves
 - Level 1.7 Stealth
 + Level 1.1 Spellcasting
 + Level 3.4 Conjurations
   Level 1.0 Earth Magic
   Level 1.0 Evocations


You had one spell level left.
You knew the following spells:

 Your Spells              Type           Power        Failure   Level  Hunger
a - Sting                 Tmut/Pois      #...         30%         1    ##.....
b - Foxfire               Conj/Fire      #...         14%         1    ##.....

Your spell library contained the following spells:

 Spells                   Type           Power        Failure   Level  Hunger
 Conjure Flame            Conj/Fire      #.......     41%         3    ####...
 Spider Form              Tmut/Pois      #.........   65%         3    ####...


Dungeon Overview and Level Annotations

Branches:
Dungeon (1/15)

Altars:


Innate Abilities, Weirdness & Mutations

You sometimes gain a little power by taking damage.


Message History

You kill the giant cockroach!
You closely miss the rat. The rat bites you.
You hit the rat.
You kill the rat!
You barely miss the goblin. The goblin hits you with a +0 dagger.
You closely miss the goblin. The goblin hits you but does no damage.
You hit the goblin.
You kill the goblin!
You have reached level 2!
Your demonic ancestry asserts itself...
You feel energised by your suffering.
Your magical contamination has completely faded away.
There is a fountain of clear blue water here.
You enter the shallow water.
Moving in this stuff is going to be slow.
Magic restored.
You see here 21 stones.
There is a staircase leading out of the dungeon here.
Are you sure you want to leave the Dungeon?
This will make you lose the game!
You have escaped!

..# .# #. ..... ..# ...>.....#
#.################.#.#.....
#.##≈≈≈≈≈≈≈≈≈≈≈≈≈#.#.#...#.
#.##≈≈≈≈≈≈≈≈≈≈≈≈≈#.........
#)##≈≈≈≈≈≈≈≈≈≈≈≈≈#.....#.#.
#.##≈≈≈≈≈≈≈≈≈≈≈≈≈#.........
#.##≈≈≈≈≈...≈≈≈≈≈#.#.....#
#.##≈≈≈≈..@..≈≈≈≈#.......#.
#..#≈≈≈≈≈.(.≈≈≈≈≈#.........
#..#≈≈≈≈≈≈≈≈≈≈≈≈≈#.#.#####.
########.#≈≈≈≈≈≈≈≈≈≈≈≈≈#.#.......
.........#≈≈≈≈≈≈≈≈≈≈≈≈≈#.#..####.
.........#≈≈≈≈≈≈≈≈≈≈≈≈≈#.#..#
#######..#≈≈≈≈≈≈≈≈≈≈≈≈≈#.#..#
#.##≈≈≈≈≈≈≈≈≈≈≈≈≈#.#..#
#.##≈≈≈≈≈≈≈≈≈≈≈≈≈#.#..#


There were no monsters in sight!

Vanquished Creatures
  A bat (D:1)
  A giant cockroach (D:1)
  3 goblins (D:1)
  3 rats (D:1)
8 creatures vanquished.

Vanquished Creatures (others)
  3 foxfires (D:1)
3 creatures vanquished.

Grand Total: 11 creatures vanquished

Notes
Turn   | Place    | Note
-------+----------+-------------------------------------------
     0 | D:1      | An17 the Demonspawn Wanderer began the quest for the Orb.
     0 | D:1      | An17 set off with the following items: a +2 dagger, a
                  | scroll of blinking, a +0 robe, a ration; and the following
                  | spells available to memorise: Foxfire, Sting, Conjure
                  | Flame, Spider Form
     0 | D:1      | Reached XP level 1. HP: 15/15 MP: 2/2
     2 | D:1      | Learned a level 1 spell: Sting
     4 | D:1      | Learned a level 1 spell: Foxfire
   164 | D:1      | Gained mutation: You sometimes gain a little power by
                  | taking damage. [demonic ancestry]
   164 | D:1      | Reached XP level 2. HP: 10/21 MP: 1/3
   198 | D:$      | Got out of the dungeon alive.

Levels and vault maps discovered:
D:1:      zaba_arrival_water, layout_basic, corexii_hall_statues_x

Action                   || total
-------------------------++-------
Melee: Dagger            ||    33
 Cast: Foxfire           ||     3
       Sting             ||     1
  Use: Scroll            ||     1
 Stab: Sleeping          ||     1
Armor: Robe              ||     7
Dodge: Dodged            ||    28

Table legend:
 A = Non-vault XP
 B = Vault XP
 C = Vault XP percentage of total XP
 D = Non-vault monster count
 E = Vault monster count
 F = Vault count percentage of total count
                 A         B        C        D         E       F
            +---------+---------+-------+---------+---------+-------
      Total |      12 |       0 |   0.0 |       8 |       0 |   0.0
            +---------+---------+-------+---------+---------+-------
        D:1 |      12 |       0 |   0.0 |       8 |       0 |   0.0
            +---------+---------+-------+---------+---------+-------
